 Dungeon Sprint DCSS version 0.13-a0-3008-g2a6619c (webtiles) character file.

332 Gabry the Protected (level 5, -1/49 HPs)
             Began as a Minotaur Fighter on Sept 9, 2013.
             Slain by a giant amoeba (14 damage)
             ... in the Dungeon (Sprint I: "Red Sonja").
             The game lasted 00:01:24 (687 turns).

Gabry the Protected (Minotaur Fighter)               Turns: 687, Time: 00:01:24

HP  -1/49        AC  8     Str 21      XL: 5   Next: 52%
MP   1/1         EV  7     Int  5      God:
Gold 128         SH 22     Dex 10      Spells:  0 memorised,  4 levels left

Res.Fire  : . . .   See Invis. : .   a - +0 mace
Res.Cold  : . . .   Warding    : .   b - +0 scale mail
Life Prot.: . . .   Conserve   : .   c - +0 shield
Res.Poison: .       Res.Corr.  : .   (helmet restricted)
Res.Elec. : .       Clarity    : .   (no cloak)
Sust.Abil.: . .     Spirit.Shd : .   (no gloves)
Res.Mut.  : .       Prev.Telep.: +   (no boots)
Res.Rott. : .       Flight     : .   (no amulet)
Saprovore : . . .                    (no ring)
                                     (no ring)

@: slightly resistant to hostile enchantments, extremely unstealthy
A: retaliatory headbutt, horns 2
a: no special abilities


You were in the Dungeon.
You were not hungry.

You visited 1 branch You collected 108 gold pieces.

Inventory:

Hand weapons
 a - a +0,+0 mace (weapon)
 g - a +0,+0 dagger (quivered)
 k - a +0,+0 great mace
Armour
 b - a +0 scale mail (worn)
 c - a +0 shield (worn)
Comestibles
 d - a bread ration
Scrolls
 j - a scroll of blinking
Potions
 e - a potion of curing
 f - 2 potions of heal wounds
 h - 2 potions of magic
 i - a potion of berserk rage


   Skills:
 + Level 8.1 Fighting
 + Level 5.2 Maces & Flails
 + Level 8.1 Armour
 + Level 2.3 Dodging
 + Level 0.3 Stealth
 + Level 8.1 Shields


You had 4 spell levels left.
You didn't know any spells.

Dungeon Overview and Level Annotations

Branches:
Dungeon (1/1)

Altars:
Kikubaaqudgha
Trog
Vehumet
the Shining One


Innate Abilities, Weirdness & Mutations

You reflexively headbutt those who attack you in melee.
You have a pair of horns on your head.


Message History

The giant amoeba hits you!
You barely miss the giant amoeba. You headbutt the giant amoeba!
The giant amoeba is lightly wounded.
You block the giant amoeba's attack.
Your scale mail prevents you from hitting the giant amoeba.
You headbutt the giant amoeba.
The giant amoeba is lightly wounded.
The giant amoeba hits you!
You hit the giant amoeba. You headbutt the giant amoeba.
The giant amoeba is moderately wounded.
The giant amoeba hits you but does no damage.
You hit the giant amoeba but do no damage.
You headbutt the giant amoeba!
The giant amoeba is moderately wounded.
The giant amoeba hits you.
* * * LOW HITPOINT WARNING * * *
You completely miss the giant amoeba.
The giant amoeba is moderately wounded.
The giant amoeba hits you!
You die...

###################
#<<#..'..#..'..#J_#
#<.'..#..').#..@..+
#..#####+#####'#__#
#..# #.#### #..#
##(# #..# #+#..+
#⌠⌠# +..._# ####
#_.#+# ##+#


You could see a giant amoeba.

Vanquished Creatures
  An ogre (D)
  Sigmund (D)
  A jelly (D)
  Ijyb (D)
4 creatures vanquished.

Notes
Turn   | Place    | Note
--------------------------------------------------------------
     0 | D        | Gabry, the Minotaur Fighter, began the quest for the Orb.
     0 | D        | Reached XP level 1. HP: 19/19 MP: 0/0
     1 | D        | Noticed Ijyb
    13 | D        | Killed Ijyb
    13 | D        | Reached skill level 4 in Fighting
    13 | D        | Reached skill level 5 in Shields
    13 | D        | Reached XP level 2. HP: 21/27 MP: 0/0
    78 | D        | Noticed an ogre
    84 | D        | Killed an ogre
    84 | D        | Reached skill level 6 in Fighting
    84 | D        | Reached skill level 1 in Dodging
    84 | D        | Reached XP level 3. HP: 8/34 MP: 1/1
    84 | D        | Reached XP level 4. HP: 9/41 MP: 1/1
   342 | D        | Noticed Sigmund
   356 | D        | Killed Sigmund
   356 | D        | Reached skill level 7 in Fighting
   356 | D        | Reached skill level 5 in Maces & Flails
   356 | D        | Reached XP level 5. HP: 17/48 MP: 1/1
   557 | D        | Found a bloodstained altar of Trog.
   563 | D        | Noticed a jelly
   564 | D        | Found an ancient bone altar of Kikubaaqudgha.
   567 | D        | Killed a jelly
   567 | D        | Reached skill level 8 in Fighting
   680 | D        | Found a bloodstained altar of Trog.
   680 | D        | Found a radiant altar of Vehumet.
   680 | D        | Noticed a giant amoeba
   681 | D        | Found a glowing golden altar of the Shining One.
   681 | D        | Found a radiant altar of Vehumet.
   687 | D        | Slain by a giant amoeba

Action                   |  1- 3 |  4- 6 || total
-------------------------+-------+-------++-------
Melee: Mace              |    16 |    21 ||    37
  Use: Potion            |     1 |       ||     1
